 Dungeon Crawl Stone Soup version 0.31-a0-1112-ga3593d9213 (webtiles) character file.

Game seed: 182667323492954807

6612 trollo the Grappler (level 10, 0/96 HPs)
             Began as a Troll Berserker on Dec 4, 2023.
             Was a High Priest of Trog.
             Slain by a ten-headed hydra (5 damage)
             ... on level 8 of the Dungeon.
             The game lasted 00:28:14 (6892 turns).

trollo the Grappler (Troll Berserker)               Turns: 6892, Time: 00:28:15

Health: 0/96       AC: 13    Str: 29    XL:     10   Next: 71%
Magic:  18/18      EV:  9    Int: 10    God:    Trog [*****.]
Gold:   1094       SH:  0    Dex:  9    Spells: 9/9 levels left

rFire   + +          .
                       - Unarmed
rCold   x . .        (no shield)
rNeg    . . .        n - +0 fire dragon scales
rPois   .            (helmet restricted)
rElec   .            b - +0 cloak
rCorr   .            (gloves unavailable)
SInv    +            (boots unavailable)
Will    .....        (no amulet) Stlth
                     h - ring of Baafuol {MP+9 Int+5 Slay+2}
HPRegen 1.16/turn    D - ring of see invisible
MPRegen 0.16/turn

%: no passive effects
@: no status effects
A: large, unfitting armour, claws 3, regeneration 1, shaggy fur 1, tough skin 1
a: Renounce Religion, Berserk, Trog's Hand, Brothers in Arms


You were on level 8 of the Dungeon.
You worshipped Trog.
Trog was extremely pleased with you.
You visited 1 branch of the dungeon, and saw 8 of its levels.
You also visited: Bailey.

You collected 1094 gold pieces.

Inventory:

Hand Weapons
 q - a +5 rapier of electrocution
Missiles
 d - 21 boomerangs
 f - 65 stones
 m - 4 large rocks (quivered)
 B - 2 throwing nets
Armour
 b - a +0 cloak (worn)
 n - +0 fire dragon scales (worn)
 A - a +0 kite shield
Jewellery
 h - the ring of Baafuol (left claw) {MP+9 Int+5 Slay+2}
   (You found it on level 3 of the Dungeon)

   [ring of magical power]

   Int+5:     It affects your intelligence (+5).
   Slay+2:    It affects your accuracy & damage with ranged weapons and melee
   (+2).
   MP+9:      It affects your magic capacity (+9).
 D - a ring of see invisible (right claw)
 F - a ring of willpower
Wands
 a - a wand of light (6)
 o - a wand of flame (24)
 p - a wand of polymorph (8)
 C - a wand of paralysis (10)
Scrolls
 g - 4 scrolls of teleportation
 i - 2 scrolls of fear
 k - 3 scrolls of immolation
 r - a scroll of vulnerability {unknown}
 t - a scroll of enchant weapon {unknown}
 v - a scroll of blinking {unknown}
 w - 2 scrolls of fog
 y - a scroll of enchant armour {unknown}
 z - a scroll of noise {unknown}
Potions
 c - 4 potions of curing
 e - a potion of mutation
 j - 5 potions of enlightenment
 l - 4 potions of brilliance
 s - a potion of might {unknown}
 u - a potion of haste {unknown}
 x - 2 potions of ambrosia {unknown}
 E - a potion of attraction {unknown}
 H - a potion of lignification {unknown}


   Skills:
 * Level 5.0 Fighting
 * Level 6.5 Armour
 * Level 5.7 Dodging
 + Level 2.1 Stealth
 * Level 11.6 Unarmed Combat


You had 9 spell levels left.
You didn't know any spells.
Your spell library was empty.

Dungeon Overview and Level Annotations

Branches:
Dungeon (8/15)             Temple (0/1) D:5          Bailey (visited)
   Lair: D:8-11

Altars:
Ashenzari
Nemelex Xobeh
Sif Muna
Trog
Vehumet
Xom

Shops:
D:7 (

Annotations:
D:7 1 runed translucent door, topfpfpflanze's ghost, novice FeCj


Innate Abilities, Weirdness & Mutations

You are too large for most types of armour.
You have claws for hands.
Your natural rate of healing is unusually fast.
You are covered in fur. (AC +1)
You have tough skin. (AC +1)


Message History

The seven-headed hydra is moderately wounded.
The seven-headed hydra bites you.
The seven-headed hydra bites you but does no damage.
The seven-headed hydra bites you! The seven-headed hydra bites you.
The seven-headed hydra closely misses you. x2
The seven-headed hydra bites you.
You claw one of the seven-headed hydra's heads off!
The six-headed hydra grows two more!
You mangle the eight-headed hydra!!
The eight-headed hydra is heavily wounded.
The eight-headed hydra bites you. x2
The eight-headed hydra completely misses you.
The eight-headed hydra bites you but does no damage. x3
The eight-headed hydra misses you. The eight-headed hydra bites you.
You rip one of the eight-headed hydra's heads off!
The seven-headed hydra grows two more!
You mangle the nine-headed hydra!!
The nine-headed hydra is almost dead.
The nine-headed hydra bites you!
The nine-headed hydra closely misses you.
The nine-headed hydra bites you but does no damage.
The nine-headed hydra bites you. x2; The nine-headed hydra bites you!
The nine-headed hydra barely misses you.
The nine-headed hydra closely misses you.
The nine-headed hydra bites you!
* * * LOW HITPOINT WARNING * * *
You rip one of the nine-headed hydra's heads off!
The eight-headed hydra grows two more!
You scratch the ten-headed hydra.
The ten-headed hydra is severely wounded.
Unknown command.
You feel better. The ten-headed hydra bites you!
* * * LOW HITPOINT WARNING * * *
The ten-headed hydra bites you but does no damage.
The ten-headed hydra barely misses you. The ten-headed hydra bites you.
* * * LOW HITPOINT WARNING * * *
The ten-headed hydra bites you.
* * * LOW HITPOINT WARNING * * *
The ten-headed hydra bites you!
* * * LOW HITPOINT WARNING * * *
The ten-headed hydra bites you but does no damage. x2
The ten-headed hydra barely misses you. The ten-headed hydra bites you.
You die...

# #.# #.# ..# #.# ####
#.# ###### #.# #...?.
#.# #..... ####.####
#..... #.......#
#....D####.##.##.#
#.....@..#.##.##.#
###........##รท##.#
#....#...##)##.#
###..#.#.....)...##
..........###.#...#####
###...............!....
#..................).
#.............$......
#....................


You could see a ten-headed hydra.

Vanquished Creatures
  A centaur warrior (D:8)
  An ugly thing (D:8)
  A cyclops (D:8)
  A troll (shapeshifter) (D:8)
  2 hornets
  6 yaks (D:8)
  Eustachio (D:3)
  Duvessa (D:4)
  A sky beast (D:7)
  2 black bears
  An ice beast (D:8)
  10 orc warriors
  2 centaurs
  4 kobold brigands
  3 gnoll sergeants
  2 scorpions
  Dowan (D:4)
  6 killer bees (D:7)
  An electric eel (D:7)
  2 howler monkeys
  3 jellies
  5 hounds
  3 orc priests
  A sleepcap (D:4)
  A gnoll bouda (D:6)
  Jessica (D:2)
  3 iguanas
  5 orc wizards
  Natasha (thrice) (D:2)
  3 adders
  26 gnolls
  A white imp (D:6)
  An ufetubus (D:6)
  34 orcs
  10 endoplasms
  7 giant cockroaches
  7 goblins
  7 hobgoblins
  22 kobolds
  2 quokkas
  A ball python (D:1)
  5 bats
  5 frilled lizards
  2 rats
207 creatures vanquished.

Notes
Turn   | Place    | Note
-------+----------+-------------------------------------------
     0 | D:1      | trollo the Troll Berserker began the quest for the Orb.
     0 | D:1      | Reached XP level 1. HP: 22/22 MP: 0/0
   155 | D:1      | Reached XP level 2. HP: 29/29 MP: 1/1
   606 | D:2      | Noticed Jessica
   613 | D:2      | Killed Jessica
   614 | D:2      | Reached XP level 3. HP: 34/36 MP: 2/2
   673 | D:2      | Reached ** piety under Trog
   753 | D:2      | Noticed Natasha
   758 | D:2      | Killed Natasha
   759 | D:2      | Reached XP level 4. HP: 43/44 MP: 3/3
   998 | D:2      | Noticed Natasha
  1004 | D:2      | Killed Natasha
  1062 | D:2      | Noticed Natasha
  1070 | D:2      | Killed Natasha
  1071 | D:2      | Reached skill level 4 in Unarmed Combat
  1160 | D:3      | Identified the ring of Baafuol {MP+9 Int+5 Slay+2}
  1296 | D:3      | Reached XP level 5. HP: 52/52 MP: 4/4
  1479 | D:3      | Found a broken altar of Ashenzari.
  1687 | D:4      | Noticed Eustachio
  1781 | D:4      | Reached skill level 1 in Armour
  1894 | D:3      | Killed Eustachio
  1895 | D:3      | Reached skill level 5 in Unarmed Combat
  1895 | D:3      | Reached XP level 6. HP: 61/61 MP: 4/5
  2046 | D:4      | Reached *** piety under Trog
  2099 | D:4      | Reached skill level 6 in Unarmed Combat
  2263 | D:4      | Reached XP level 7. HP: 64/67 MP: 6/6
  2579 | D:4      | Noticed Duvessa
  2579 | D:4      | Noticed Dowan
  2588 | D:4      | Killed Duvessa
  2592 | D:4      | Killed Dowan
  2678 | D:5      | Entered Level 5 of the Dungeon
  2721 | D:5      | Reached skill level 7 in Unarmed Combat
  2739 | D:5      | Reached XP level 8. HP: 72/75 MP: 7/7
  2927 | D:5      | Found a sparkling altar of Nemelex Xobeh.
  3120 | D:5      | Found a staircase to the Ecumenical Temple.
  3506 | D:6      | Reached **** piety under Trog
  3686 | D:6      | Reached skill level 1 in Stealth
  4109 | D:6      | Reached skill level 8 in Unarmed Combat
  4780 | D:7      | Found Eptakaun's Weapon Boutique.
  4784 | D:7      | Reached XP level 9. HP: 57/84 MP: 8/8
  4831 | D:7      | Paralysed by a hornet for 1 turns
  4838 | D:7      | Reached ***** piety under Trog
  4896 | D:7      | Found a shimmering altar of Xom.
  4897 | D:7      | Found a shimmering blue altar of Sif Muna.
  4964 | D:7      | Found a flagged portal.
  4989 | D:7      | Reached skill level 5 in Dodging
  5021 | Bailey   | Entered a bailey
  5444 | Bailey   | Reached skill level 9 in Unarmed Combat
  5584 | Bailey   | Reached skill level 5 in Armour
  6159 | D:7      | Identified the +3 quarterstaff of Xeresaif {freeze, Dex+2}
  6228 | D:7      | Found a radiant altar of Vehumet.
  6244 | D:7      | Found a runed translucent door.
  6244 | D:7      | Noticed topfpfpflanze's ghost (novice FeCj)
  6365 | D:7      | Found a bloodstained altar of Trog.
  6537 | D:8      | Reached skill level 10 in Unarmed Combat
  6550 | D:8      | Reached XP level 10. HP: 58/94 MP: 9/9
  6574 | D:8      | Noticed a centaur warrior
  6582 | D:8      | Killed a centaur warrior
  6583 | D:8      | Noticed a green ugly thing
  6589 | D:8      | Noticed a cyclops
  6590 | D:8      | Killed a green ugly thing
  6596 | D:8      | Killed a cyclops
  6597 | D:8      | Reached skill level 11 in Unarmed Combat
  6668 | D:8      | Reached skill level 5 in Fighting
  6784 | D:8      | Received a gift from Trog
  6884 | D:8      | Noticed a six-headed hydra
  6892 | D:8      | Slain by a ten-headed hydra

Illustrated notes

Levels and vault maps discovered:
D:1:      nicolae_arrival_memento_mori, layout_basic
D:2:      layout_rooms, uniq_jessica, uniq_natasha
D:3:      layout_basic, mainiacjoe_overflow_surrounded_room,
          nicolae_elevator_lobby_plus
D:4:      cheibrodos_thug_alley, layout_cave_pools, grunt_ministairs_10,
          uniq_duvessa, uniq_eustachio
D:5:      layout_loops_cross, lemuel_crystal_altar,
          minmay_temple_entry_from_below_a, serial_co_window_serial,
          co_window_of_opportunity_a, co_window_corner_a, co_window_corner_a,
          co_window_corner_a, co_window_paths_a, co_window_paths_a,
          co_window_paths_b, co_window_broadway_b, co_window_broadway_b,
          co_window_2corner, co_window_broadway_c, co_window_of_opportunity_c,
          glass_columns_c
D:6:      layout_basic, hangedman_minor_gate_pass
D:7:      layout_rooms, nicolae_overflow_squiral, mainiacjoe_overflow_alcove_4,
          lightli_temple_of_fire, enter_bailey_3, gammafunk_ghost_grave,
          serial_shops, nicolae_shop_waterfront
D:8:      layout_loops_cross, mainiacjoe_ossuary_entry_find_the_door,
          wad_floor_pattern_1, kb_rosetta

Skill      XL: |  1  2  3  4  5  6  7  8  9 10 |
---------------+-------------------------------+-----
Dodging        | 3 4 5 |  5.7
Unarmed Combat | 4 5 6 7 8 10 11 | 11.6
Armour         | 1 2 4 5 6 |  6.5
Fighting       | 3 4 5 |  5.0
Stealth        | 1 2 |  2.1

Action                     |  1- 3 |  4- 6 |  7- 9 | 10-12 || total
---------------------------+-------+-------+-------+-------++-------
  Melee: Unarmed           |    53 |   121 |   304 |    71 ||   549
         Punch             |     2 |     1 |     9 |     4 ||    16
  Throw: Large rock        |       |       |     2 |       ||     2
    Use: Scroll            |     2 |     1 |     6 |       ||     9
         Potion            |       |       |       |     1 ||     1
 Armour: Animal skin       |    33 |    26 |       |       ||    59
         Fire dragon scale |       |    62 |   289 |    72 ||   423
         Skin              |       |     6 |       |       ||     6
  Dodge: Dodged            |    21 |    81 |   155 |    39 ||   296

Table legend: (Time is in decaauts)
 A = Elapsed time spent in this place.
 B = Non-inter-level travel time spent in this place.
 C = Inter-level travel time spent in this place.
 D = Time resting spent in this place.
 E = Time spent auto-exploring this place.
 F = Levels seen in this place.
 G = Mean time per level.
                   A        B        C        D        E       F      G
               +--------+--------+--------+--------+--------+-----+--------+
         Total |   6838 |   5711 |   1127 |    873 |   2466 |   9 |  759.8 |
       Dungeon |   5723 |   4596 |   1127 |    193 |   2407 |   8 |  715.4 |
        Bailey |   1115 |   1115 |      0 |    680 |     59 |   1 | 1115.0 |
               +--------+--------+--------+--------+--------+-----+--------+

Top non-repeatable levels by time:
     D:6: 1211 daAuts
  Bailey: 1115 daAuts
     D:3: 826 daAuts
     D:5: 824 daAuts
     D:4: 749 daAuts
     D:7: 669 daAuts
     D:1: 574 daAuts
     D:2: 518 daAuts
     D:8: 349 daAuts
